 Dungeon Crawl Stone Soup version 0.21.1-1-g345015fe64 (webtiles) character file.

60731 Kohma the Peltast (level 15, -8/97 HPs)
             Began as a Gargoyle Fighter on July 6, 2018.
             Was the Champion of Cheibriados.
             Mangled by an orc knight
             ... wielding a +0 great mace
              (40 damage)
             ... on level 2 of the Orcish Mines.
             The game lasted 01:02:00 (19178 turns).

Kohma the Peltast (Gargoyle Fighter)               Turns: 19178, Time: 01:02:01

Health: -8/97      AC: 25    Str: 37      XL:     15   Next: 0%
Magic:  6/6        EV: 11    Int: 26 (27) God:    Cheibriados [******]
Gold:   1303       SH: 22    Dex: 27      Spells: 14/14 levels left

rFire    + + .     SeeInvis .   a - +5 demon whip "Spellbinder" {antimagic, MR+}
rCold    + . .     Gourm    .   c - +1 shield
rNeg     + . .     Faith    .   u - +3 leather armour of Fidyrudi {rF+ Stlth+}
rPois    ∞         Spirit   .   O - +2 hat "Ongoeg" {rCorr Int+2}
rElec    +         Reflect  +   w - +0 cloak
rCorr    +         Harm     .   B - +0 pair of gloves
MR       ++...                  l - +0 pair of boots
Stlth    +++.......             n - +4 amulet of reflection
HPRegen  0.26/turn              V - ring of protection from fire
MPRegen  0.10/turn              H - ring of protection from cold

@: very slow
A: big wings, negative energy resistance 1, electricity resistance, unbreathing,
petrification resistance, rot immunity, AC +11
a: Fly, Bend Time, Temporal Distortion, Slouch, Step From Time, Renounce
Religion


You were on level 2 of the Orcish Mines.
You worshipped Cheibriados.
Cheibriados was exalted by your worship.
You were not hungry.

You visited 4 branches of the dungeon, and saw 21 of its levels.

You collected 1846 gold pieces.
You spent 543 gold pieces at shops.

Inventory:

Hand Weapons
 a - the +5 demon whip "Spellbinder" (weapon) {antimagic, MR+}
   (You found it on level 6 of the Lair of Beasts)

   It reduces the magical energy of the wielder, and disrupts the spells and
   magical abilities of those hit.
   Natural abilities and divine invocations are not affected.
   It affects your resistance to hostile enchantments.
 b - the +6 war axe of Outrage {venom, rElec rC+ MR+}
   (You found it on level 9 of the Dungeon)

   It poisons the flesh of those it strikes.
   It protects you from cold.
   It insulates you from electricity.
   It affects your resistance to hostile enchantments.
 e - a +1 flail
 R - a +0 morningstar
Missiles
 X - 8 javelins (quivered)
Armour
 c - a +1 shield (worn)
 l - a +0 pair of boots (worn)
 u - the +3 leather armour of Fidyrudi (worn) {rF+ Stlth+}
   (You found it on level 6 of the Lair of Beasts)

   It protects you from fire.
   It makes you more stealthy.
 w - a +0 cloak (worn)
 y - a +2 helmet
 B - a +0 pair of gloves (worn)
 J - a +2 plate armour of cold resistance
 O - the +2 hat "Ongoeg" (worn) {rCorr Int+2}
   (You bought it in a shop on level 1 of the Orcish Mines)

   It affects your intelligence (+2).
   It protects you from acid and corrosion.
 P - a +0 hat of see invisible
Jewellery
 d - an uncursed ring of stealth
 n - a +4 amulet of reflection (around neck)
 H - a ring of protection from cold (right hand)
 N - an uncursed ring of ice
 U - a +2 ring of strength
 V - a ring of protection from fire (left hand)
Wands
 h - a wand of iceblast (31)
 t - a wand of acid (11)
 v - a wand of flame (25)
 D - a wand of polymorph (45)
 Q - a wand of paralysis (17)
Scrolls
 g - a scroll of amnesia
 r - 6 scrolls of fear
 s - 7 scrolls of enchant armour
 z - 4 scrolls of remove curse
 C - a scroll of identify
 E - 2 scrolls of enchant weapon
 G - 8 scrolls of teleportation
 M - 5 scrolls of blinking
 Y - 2 scrolls of holy word
 Z - 2 scrolls of magic mapping
Potions
 i - 11 potions of curing
 j - 6 potions of brilliance
 k - 3 potions of resistance
 m - 4 potions of lignification
 o - 3 potions of ambrosia
 p - 2 potions of cancellation
 q - 2 potions of magic
 x - 2 potions of agility
 A - 4 potions of flight
 F - a potion of invisibility
 I - 2 potions of heal wounds
 K - a potion of might
 S - 2 potions of mutation {unknown}
Comestibles
 f - 27 rations
 L - 5 chunks of flesh


   Skills:
 * Level 12.5 Fighting
 - Level 14.3 Maces & Flails
 + Level 12.4 Armour
 - Level 15.0 Shields
 * Level 5.5 Invocations


You had 14 spell levels left.
You didn't know any spells.

Dungeon Overview and Level Annotations

Branches:
Dungeon (12/15)            Temple (1/1) D:5            Lair (6/6) D:11
  Swamp (0/4) Lair:2        Snake (0/4) Lair:2        Slime (0/5) Lair:6
    Orc (2/2) D:10
    Elf: Orc:2

Altars:
Ashenzari
Cheibriados
Dithmenos
Elyvilon
Fedhas
Gozag
Hepliaklqana
Kikubaaqudgha
Makhleb
Nemelex Xobeh
Okawaru
Qazlal
Ru
Sif Muna
Trog
Uskayaw
Vehumet
Wu Jian
Xom
Yredelemnul
Zin
The Shining One

Shops:
Orc:1 [


Innate Abilities, Weirdness & Mutations

You are resistant to torment.
Your stone body is resilient. (AC +11)
You are immune to poison.
Your large and strong wings let you fly indefinitely.
You resist negative energy. (rN+)
You are resistant to electric shocks. (rElec)
You can survive without breathing.
You are immune to petrification.
You are immune to rotting.


Message History

You block the orc warrior's attack.
You hit the orc.
You kill the orc!
Cheibriados appreciates the change of pace.
The orc warrior unwields an uncursed broad axe.
The orc warrior wields an arbalest.
The orc warrior shoots a bolt.
You reflect the bolt off an invisible shield around you!
The bolt closely misses the orc knight.
The bolt barely misses the orc warrior.
The bolt hits the orc!
The orc dies!
You hit the orc knight.
The orc knight is lightly wounded.
You block the orc warrior's attack. The orc warrior hits you with a glaive!
An orc warrior comes into view. It is wielding a battleaxe.
You whack the orc knight!
The orc knight is lightly wounded.
You whack the orc knight!
The orc knight is moderately wounded.
The orc knight hits you with a great mace!!!
You die...

..(..$..................
........................
........................
........................
...........(.......#....
.##..##.................
......##()(.............
......o#))..............
...(o.o@))..(...........
≈....oo#................
≈≈..(oo#..(............
.o....o...#.......
..........#.....#
≈≈..(..#........
≈.(((..#...$#... ..(....
....


You could see 2 orc knights and 7 orc warriors.

Vanquished Creatures
  A stone giant (Orc:1)
  Snorg (Orc:1)
  A fire dragon (Lair:6)
  3 hydras
  Fannar (Orc:1)
  6 death yaks (Lair:5)
  4 two-headed ogres
  Urug (Lair:2)
  The ghost of raetorn the Covert, a journeyman VSBe of Trog (D:11)
  A fire crab (Lair:6)
  An unseen horror (D:10)
  An orc knight (Orc:1)
  A swamp dragon (Lair:6)
  A cyclops (D:11)
  An orc sorcerer (Orc:1)
  2 ugly things
  2 manticores
  9 elephants
  3 black mambas
  Maurice (Orc:1)
  2 centaur skeletons
  3 rime drakes
  A gargoyle (D:10)
  7 spiny frogs
  6 komodo dragons
  17 polar bears
  2 trolls
  2 hornets (D:8)
  Grinder (D:6)
  9 blink frogs
  4 raiju (Lair:6)
  10 hippogriffs
  6 dream sheep (Lair:5)
  Sigmund (D:3)
  3 wyverns
  32 yaks
  4 chaos spawn (D:12)
  A steam dragon (Lair:6)
  3 vampire mosquitoes (D:12)
  2 basilisks
  2 hungry ghosts
  10 wargs
  Menkaure (D:4)
  13 hell hounds (Lair:6)
  7 water moccasins
  3 soldier ants
  7 porcupines
  An ice beast (D:10)
  3 swamp drakes (Lair:6)
  9 orc warriors
  7 sky beasts
  16 black bears
  10 ogres
  A phantom (D:4)
  A necrophage (D:12)
  20 wolves
  25 crocodiles
  4 centaurs (Orc:2)
  2 big kobolds
  A wyvern zombie (D:7)
  18 bullfrogs
  A wyvern skeleton (D:9)
  11 scorpions
  A water moccasin skeleton (D:4)
  4 killer bees (D:11)
  4 wights (D:9)
  2 howler monkeys
  5 electric eels
  4 crimson imps
  A bullfrog zombie (D:7)
  5 jellies
  A quasit (D:10)
  3 centaur zombies
  Crazy Yiuf (D:3)
  A bullfrog skeleton (D:10)
  9 orc priests
  A hound (D:11)
  12 orc wizards
  Natasha (thrice) (D:3)
  10 iguanas
  9 worker ants
  A hound zombie (D:7)
  A hound skeleton (D:5)
  3 gnolls
  12 adders
  3 shadow imps
  5 oozes
  2 adder zombies
  2 worms
  2 dart slugs (D:1)
  6 leopard geckos
  62 orcs
  2 ball pythons
  5 bats
  10 giant cockroaches
  10 goblins
  12 hobgoblins
  14 jackals
  4 quokkas
  3 frilled lizards
  A jackal skeleton (D:4)
  11 kobolds
  A leopard gecko zombie (D:8)
  12 rats
  12 fungi
  14 plants
617 creatures vanquished.

Vanquished Creatures (others)
  5 centaurs
  An orc wizard (D:3)
  An orc (Orc:2)
  25 fungi
  26 plants
58 creatures vanquished.

Grand Total: 675 creatures vanquished

Notes
Turn   | Place    | Note
-------+----------+-------------------------------------------
     0 | D:1      | Kohma the Gargoyle Fighter began the quest for the Orb.
     0 | D:1      | Reached XP level 1. HP: 14/14 MP: 1/1
   104 | D:1      | Reached XP level 2. HP: 8/19 MP: 2/2
   515 | D:1      | Reached XP level 3. HP: 23/23 MP: 3/3
  1399 | D:2      | Reached skill level 4 in Shields
  1399 | D:2      | Reached XP level 4. HP: 28/28 MP: 4/4
  1488 | D:2      | Found a snail-covered altar of Cheibriados.
  1516 | D:2      | Became a worshipper of Cheibriados the Contemplative
  1929 | D:3      | Noticed Sigmund
  1949 | D:3      | Killed Sigmund
  1949 | D:3      | Reached skill level 5 in Shields
  1949 | D:3      | Reached XP level 5. HP: 19/33 MP: 5/5
  1949 | D:3      | Reached XP level 6. HP: 22/38 MP: 6/6
  1970 | D:3      | Reached * piety under Cheibriados
  2333 | D:3      | Noticed Natasha
  2390 | D:3      | Killed Natasha
  2390 | D:3      | Reached XP level 7. HP: 33/44 MP: 7/7
  2616 | D:3      | Reached ** piety under Cheibriados
  2842 | D:3      | Found a runed door.
  2867 | D:3      | Noticed Natasha
  2877 | D:3      | Killed Natasha
  3058 | D:3      | Noticed Crazy Yiuf
  3069 | D:3      | Killed Crazy Yiuf
  3117 | D:3      | Noticed Natasha
  3129 | D:3      | Killed Natasha
  3160 | D:3      | Reached skill level 5 in Maces & Flails
  3160 | D:3      | Reached skill level 6 in Shields
  3298 | D:4      | Noticed Menkaure
  3322 | D:4      | Killed Menkaure
  3322 | D:4      | Reached skill level 5 in Fighting
  3322 | D:4      | Reached skill level 5 in Armour
  3322 | D:4      | Reached XP level 8. HP: 10/49 MP: 8/8
  3927 | D:5      | Entered Level 5 of the Dungeon
  4151 | D:5      | Found a staircase to the Ecumenical Temple.
  4162 | D:5      | Reached *** piety under Cheibriados
  4234 | D:5      | Reached skill level 7 in Shields
  4271 | Temple   | Entered the Ecumenical Temple
  5039 | D:5      | Reached XP level 9. HP: 55/55 MP: 9/9
  5184 | D:5      | Reached skill level 8 in Shields
  5537 | D:6      | Reached **** piety under Cheibriados
  6065 | D:6      | Noticed Grinder
  6067 | D:6      | Paralysed by Grinder for 2 turns
  6080 | D:6      | Paralysed by Grinder for 5 turns
  6092 | D:6      | Killed Grinder
  6092 | D:6      | Reached skill level 9 in Shields
  6519 | D:7      | Reached XP level 10. HP: 61/61 MP: 10/10
  6930 | D:8      | Reached ***** piety under Cheibriados
  7234 | D:8      | Noticed a two-headed ogre
  7265 | D:8      | Killed a two-headed ogre
  7517 | D:8      | Reached skill level 10 in Shields
  7703 | D:8      | Noticed a two-headed ogre
  7729 | D:8      | Killed a two-headed ogre
  8362 | D:9      | Got a brightly glowing war axe
  8363 | D:9      | Identified the +6 war axe of Outrage {venom, rElec rC+ MR+} (You found it on level 9 of the Dungeon)
  8484 | D:9      | Found a sacrificial altar of Ru.
  8640 | D:10     | Entered Level 10 of the Dungeon
  8657 | D:10     | Found Guidwycs's Armour Shoppe.
  8661 | D:10     | Reached XP level 11. HP: 68/68 MP: 11/11
  8736 | D:10     | Reached skill level 11 in Shields
  8819 | D:10     | Noticed a manticore
  8827 | D:10     | Killed a manticore
  8827 | D:10     | Reached skill level 10 in Maces & Flails
  9007 | D:10     | Killed an unseen horror
  9358 | D:10     | Found a staircase to the Orcish Mines.
  9474 | D:11     | Noticed a brown ugly thing
  9474 | D:11     | Noticed raetorn's ghost (journeyman VSBe)
  9486 | D:11     | Killed raetorn's ghost
  9494 | D:11     | Killed a brown ugly thing
  9634 | D:11     | Reached ****** piety under Cheibriados
  9787 | D:11     | Reached skill level 12 in Shields
  9837 | D:11     | Noticed a two-headed ogre
  9847 | D:11     | Killed a two-headed ogre
 10017 | D:11     | Found a staircase to the Lair.
 10154 | D:11     | Noticed a cyclops
 10161 | D:11     | Killed a cyclops
 10161 | D:11     | Reached XP level 12. HP: 54/76 MP: 12/12
 10527 | D:12     | Found a shimmering altar of Xom.
 10528 | D:12     | Found the +15 mace of Variability {chaos}
 10907 | D:12     | Noticed a two-headed ogre
 10914 | D:12     | Killed a two-headed ogre
 11259 | Lair:1   | Entered Level 1 of the Lair of Beasts
 11296 | Lair:1   | Noticed a four-headed hydra
 11314 | Lair:1   | Killed a 12-headed hydra
 11314 | Lair:1   | Reached skill level 13 in Shields
 12255 | Lair:2   | Reached skill level 10 in Armour
 12343 | Lair:2   | Reached skill level 10 in Fighting
 12461 | Lair:2   | Reached XP level 13. HP: 82/82 MP: 13/13
 12475 | Lair:2   | Found a staircase to the Swamp.
 12630 | Lair:2   | Found a staircase to the Snake Pit.
 12769 | Lair:2   | Noticed Urug
 12790 | Lair:2   | Killed Urug
 12934 | Lair:2   | Reached skill level 14 in Shields
 14814 | Lair:5   | Gained mutation: Your large and strong wings let you fly indefinitely. [Gargoyle growth]
 14814 | Lair:5   | Reached XP level 14. HP: 65/90 MP: 14/14
 14824 | Lair:5   | Reached skill level 15 in Shields
 15752 | Lair:6   | Entered Level 6 of the Lair of Beasts
 16615 | Lair:6   | Found a staircase to the Slime Pits.
 16719 | Lair:6   | Reached skill level 1 in Invocations
 17007 | Lair:6   | Found the +5 demon whip "Spellbinder" {antimagic, MR+}
 17086 | Lair:6   | Got a distressingly furry leather armour
 17097 | Lair:6   | Identified the +3 leather armour of Fidyrudi {rF+ Stlth+} (You found it on level 6 of the Lair of Beasts)
 17859 | Orc:1    | Entered Level 1 of the Orcish Mines
 17859 | Orc:1    | Noticed Fannar
 17884 | Orc:1    | Killed Fannar
 18005 | Orc:1    | Noticed a stone giant
 18020 | Orc:1    | Killed a stone giant
 18428 | Orc:1    | Found Ubuzisoh's Armour Boutique.
 18437 | Orc:1    | Bought the +2 hat "Ongoeg" {rCorr Int+2} for 400 gold pieces
 18437 | Orc:1    | Bought a +0 hat of see invisible for 143 gold pieces
 18456 | Orc:1    | Noticed Maurice
 18465 | Orc:1    | Killed Maurice
 18534 | Orc:1    | Noticed Snorg
 18551 | Orc:1    | Killed Snorg
 18551 | Orc:1    | Reached skill level 5 in Invocations
 18651 | Orc:2    | Entered Level 2 of the Orcish Mines
 19171 | Orc:2    | Reached XP level 15. HP: 71/97 MP: 6/19
 19178 | Orc:2    | Mangled by an orc knight

Skill      XL: |  1  2  3  4  5  6  7  8  9 10 11 12 13 14 |
---------------+-------------------------------------------+-----
Shields        | 4 5 6 7 9 10 12 13 14 15 | 15.0
Maces & Flails | 3 4 5 6 8 9 11 12 13 14 | 14.3
Fighting       | 4 5 6 7 9 10 11 12 | 12.5
Armour         | 4 5 6 8 9 10 11 12 | 12.4
Invocations    | 5 |  5.5

Action                   |  1- 3 |  4- 6 |  7- 9 | 10-12 | 13-15 || total
-------------------------+-------+-------+-------+-------+-------++-------
Melee: Flail             |    42 |       |   255 |       |    18 ||   315
       Mace              |   169 |   170 |   181 |       |       ||   520
       Whip              |       |       |    59 |   359 |       ||   418
       War axe           |       |       |       |   414 |   525 ||   939
       Demon whip        |       |       |       |       |   194 ||   194
Throw: Stone             |       |       |       |     5 |       ||     5
Invok: Slouch            |       |       |       |     2 |       ||     2
  Use: Scroll            |     3 |     4 |    10 |    12 |     6 ||    35
       Potion            |       |     1 |       |     1 |     1 ||     3
 Stab: Confused          |       |       |       |       |     2 ||     2
       Sleeping          |       |       |       |       |     2 ||     2
  Eat: Chunk             |     2 |     3 |     7 |     5 |     3 ||    20
       Ration            |       |       |     2 |     2 |     3 ||     7
Armor: Scale mail        |    40 |       |       |       |       ||    40
       Chain mail        |   138 |    92 |    92 |       |       ||   322
       Ring mail         |       |       |    61 |   117 |       ||   178
       Plate armour      |       |       |       |   301 |   417 ||   718
       Leather armour    |       |       |       |       |    48 ||    48
Dodge: Dodged            |    76 |    26 |    79 |   201 |   222 ||   604
Block: Shield            |   181 |   155 |   456 |   831 |   955 ||  2578
       Reflection        |       |     8 |    12 |     7 |    23 ||    50
